 Dungeon Crawl Stone Soup version 0.22.1-1-ga44c0e56f4 (webtiles) character file.

3338 Tropan82 the Geomancer (level 10, -8/56 HPs)
             Began as a Gargoyle Earth Elementalist on Nov 11, 2018.
             Was a Follower of Vehumet.
             Killed from afar by Erica (22 damage)
             ... with an orb of energy
             ... on level 8 of the Dungeon.
             The game lasted 01:03:14 (8319 turns).

Tropan82 the Geomancer (GrEE)                       Turns: 8319, Time: 01:03:15

Health: -8/56      AC: 10    Str: 11    XL:     10   Next: 2%
Magic:  0/20       EV: 14    Int: 19    God:    Vehumet [*.....]
Gold:   176        SH:  0    Dex: 13    Spells: 17/23 levels left

rFire    + . .     SeeInvis +   J - +3 war axe of the Unkillable {chop, rF+ rN+ Dex-3 SInv}
rCold    . . .     Gourm    .   (no shield)
rNeg     + + .     Faith    .   c - +0 robe
rPois    ∞         Spirit   +   b - +0 hat
rElec    +         Reflect  .   (no cloak)
rCorr    +         Harm     .   m - +0 pair of gloves
MR       .....     Rnd*Rage +   (no boots)
Stlth    ++........             n - amulet of guardian spirit
HPRegen  0.18/turn              K - ring of resist corrosion
MPRegen  0.17/turn              p - +3 ring of dexterity

@: no status effects
A: berserk 1, blurry vision 1, clever 1, negative energy resistance 1,
electricity resistance, unbreathing, petrification resistance, rot immunity, AC
+7
a: Renounce Religion


You were on level 8 of the Dungeon.
You worshipped Vehumet.
Vehumet was aware of your devotion.
You were not hungry.

You visited 2 branches of the dungeon, and saw 10 of its levels.

You collected 416 gold pieces.
You spent 240 gold pieces at shops.

Inventory:

Hand Weapons
 a - a +0 whip of electrocution
 l - a +1 mace of crushing
 u - a +2 morningstar of protection
 z - a +1 falchion of slicing
 E - the +10 hand axe of the Magi {antimagic, Str+3}
   (You found it on level 7 of the Dungeon)

   It reduces the magical energy of the wielder, and disrupts the spells and
   magical abilities of those hit.
   Natural abilities and divine invocations are not affected.
   It affects your strength (+3).
 I - a +4 whip
 J - the +3 war axe of the Unkillable (weapon) {chop, rF+ rN+ Dex-3 SInv}
   (You found it on level 8 of the Dungeon)

   It inflicts extra damage upon your enemies.
   It affects your dexterity (-3).
   It protects you from fire.
   It protects you from negative energy.
   It lets you see invisible.
 N - a +0 war axe of chopping
Missiles
 f - 4 silver tomahawks (quivered)
 y - 140 stones
Armour
 b - a +0 hat (worn)
 c - a +0 robe (worn)
 m - a +0 pair of gloves (worn)
Jewellery
 n - an amulet of guardian spirit (around neck)
 p - a +3 ring of dexterity (right hand)
 w - an uncursed ring of ice
 K - a ring of resist corrosion (left hand)
Wands
 x - a wand of flame (10)
 D - a wand of iceblast (10)
Scrolls
 e - a scroll of random uselessness
 h - 2 scrolls of enchant armour {unknown}
 i - 2 scrolls of remove curse
 k - 6 scrolls of identify
 o - a scroll of teleportation
 v - 2 scrolls of blinking {unknown}
 A - a scroll of fog {unknown}
 B - a scroll of magic mapping {unknown}
 G - 2 scrolls of immolation {unknown}
 H - a scroll of noise {unknown}
 M - a scroll of holy word {unknown}
Potions
 d - 2 potions of flight
 j - 2 potions of lignification {unknown}
 q - 2 potions of brilliance {unknown}
 r - a potion of mutation
 t - 2 potions of invisibility
 C - 2 potions of agility {unknown}
 F - a potion of might {unknown}
Miscellaneous
 g - a box of beasts
Comestibles
 s - 11 rations


   Skills:
 * Level 3.8 Fighting
 + Level 2.3 Long Blades
 + Level 3.6(4.1) Axes
 + Level 2.9(3.9) Maces & Flails
 + Level 1.6 Throwing
 + Level 4.4 Dodging
 - Level 2.2 Stealth
 - Level 7.0 Spellcasting
 + Level 2.8 Conjurations
 + Level 0.7 Transmutations
 - Level 9.0 Earth Magic


You had 17 spell levels left.
You knew the following spells:

 Your Spells              Type           Power        Failure   Level  Hunger
a - Sandblast             Erth           #####.       1%          1    None
b - Stone Arrow           Conj/Erth      ####..       2%          3    #......
c - Passwall              Tmut/Erth      ####....     1%          2    None

Your spell library contained the following spells:

 Spells                   Type           Power        Failure   Level  Hunger
 Magic Dart               Conj           ###.         3%          1    None
 Lee's Rapid Deconstruct  Erth           #####.....   7%          5    #####..
 Petrify                  Tmut/Erth      ####....     14%         4    ###....


Dungeon Overview and Level Annotations

Branches:
Dungeon (9/15)             Temple (1/1) D:7             Orc (0/2) D:9
   Lair: D:8-11

Altars:
Ashenzari
Cheibriados
Dithmenos
Elyvilon
Fedhas
Gozag
Hepliaklqana
Kikubaaqudgha
Makhleb
Nemelex Xobeh
Okawaru
Qazlal
Ru
Sif Muna
Trog
Uskayaw
Vehumet
Wu Jian
Xom
Yredelemnul
Zin
The Shining One

Shops:
D:5 }   D:6 !

Annotations:
D:8 Allula97's ghost, novice FeMo; Erica


Innate Abilities, Weirdness & Mutations

You are resistant to torment.
Your stone body is resilient. (AC +7)
You are immune to poison.
You resist negative energy. (rN+)
You are resistant to electric shocks. (rElec)
You can survive without breathing.
You are immune to petrification.
You are immune to rotting.
You tend to lose your temper in combat.
Scrolls take you a little longer to read.
Your mind is acute. (Int +2)


Message History

You can't see any susceptible monsters within range! (Use Z to cast anyway.) Wield which item (- for none, * to show all)? (? for menu, Esc to quit)
Your +2 morningstar of protection goes still.
Reactivating autopickup.
J - the +3 war axe of the Unkillable (weapon)
{chop, rF+ rN+ Dex-3 SInv}
Casting: Sandblast (safe; 1% risk of failure)
Confirm with . or Enter, or press ? or * to list all spells.
Aiming: Sandblast (safe; 1% risk of failure)
Press: ? - help, Shift-Dir - straight line, f - Erica
Aim: Erica, wielding a scimitar of flaming and wearing an embroidered robe The blast of sand hits Erica.
Erica is moderately wounded.
y - 140 stones Erica hits you with a scimitar of flaming.
* * * LOW HITPOINT WARNING * * *
You closely miss Erica.
Erica is moderately wounded.
Erica points at you and mumbles some strange words.
The orb of energy hits you!
You die...

#.# ######. #.# #.
####.# #. ##.##.# ##+
#.....# ##.. ##.####
##... #.....## ##....
..#######..#...####.....
((....@@..........'>....
.########..#...####.....
#..#..## ##.... #..#.##
##... #....## ##.>
#.....# ##' #..##.# #.
#..##.### #. #.).....###
###.


You could see Erica (invisible).

Vanquished Creatures
  A troll (D:9)
  Grinder (D:6)
  A spriggan (D:8)
  2 orc warriors
  A black bear (D:7)
  A phantom (D:9)
  2 sky beasts
  A necrophage (D:8)
  A centaur (D:5)
  5 ogres
  A big kobold (D:7)
  2 bullfrogs
  A wyvern skeleton (D:7)
  3 scorpions
  2 howler monkeys (D:8)
  4 crimson imps
  7 hounds
  An orc priest (D:9)
  A bullfrog zombie (D:5)
  A jelly (D:5)
  2 orc wizards
  3 iguanas (D:7)
  Terence (D:2)
  3 bullfrog skeletons
  8 worker ants
  2 hound zombies
  4 gnolls (D:5)
  A howler monkey skeleton (D:9)
  12 adders
  A shadow imp (D:7)
  2 oozes
  An adder skeleton (D:8)
  5 leopard geckos
  17 orcs
  2 giant cockroaches
  10 goblins
  5 hobgoblins
  10 bats
  3 frilled lizards
  16 kobolds
  10 rats
157 creatures vanquished.

Vanquished Creatures (others)
  2 withered plants (D:8)
2 creatures vanquished.

Grand Total: 159 creatures vanquished

Notes
Turn   | Place    | Note
-------+----------+-------------------------------------------
     0 | D:1      | Tropan82 the Gargoyle Earth Elementalist began the quest
                  | for the Orb.
     0 | D:1      | Reached XP level 1. HP: 10/10 MP: 3/3
    57 | D:1      | Reached skill level 4 in Earth Magic
   321 | D:1      | Reached XP level 2. HP: 8/15 MP: 1/5
   927 | D:1      | Reached XP level 3. HP: 5/19 MP: 2/6
  1189 | D:2      | Reached skill level 5 in Earth Magic
  1222 | D:2      | Reached XP level 4. HP: 23/24 MP: 4/7
  1227 | D:2      | Learned a level 3 spell: Stone Arrow
  1230 | D:2      | Learned a level 2 spell: Passwall
  1432 | D:2      | Noticed Terence
  1652 | D:2      | Killed Terence
  1705 | D:2      | Reached skill level 1 in Throwing
  1837 | D:2      | Reached XP level 5. HP: 27/28 MP: 5/8
  2901 | D:4      | Reached skill level 1 in Maces & Flails
  3243 | D:4      | Reached XP level 6. HP: 31/33 MP: 7/10
  3528 | D:5      | Entered Level 5 of the Dungeon
  3577 | D:5      | Reached skill level 6 in Earth Magic
  3799 | D:5      | Reached skill level 1 in Fighting
  4128 | D:5      | Reached XP level 7. HP: 38/38 MP: 5/11
  4257 | D:5      | Found Ytoetorch's Gadget Shop.
  4347 | D:6      | Found a basalt altar of Yredelemnul.
  4437 | D:6      | Noticed Grinder
  4528 | D:5      | Reached skill level 1 in Long Blades
  4528 | D:5      | Reached skill level 7 in Earth Magic
  4710 | D:6      | Killed Grinder
  4710 | D:6      | Reached skill level 1 in Conjurations
  4814 | D:6      | Reached skill level 8 in Earth Magic
  4814 | D:6      | Reached XP level 8. HP: 34/43 MP: 8/12
  4934 | D:6      | Found Qiublatt's Distillery.
  5100 | D:7      | Found an iron altar of Okawaru.
  5101 | D:7      | Found a flagged portal.
  5119 | D:7      | Got a faintly glowing hand axe
  5121 | D:7      | Identified the +10 hand axe of the Magi {antimagic, Str+3}
                  | (You found it on level 7 of the Dungeon)
  5396 | D:6      | Reached skill level 5 in Spellcasting
  5782 | D:7      | Reached skill level 1 in Axes
  5820 | D:7      | Reached XP level 9. HP: 33/49 MP: 9/17
  5930 | D:7      | Found a staircase to the Ecumenical Temple.
  5935 | Temple   | Entered the Ecumenical Temple
  6016 | Temple   | Became a worshipper of Vehumet
  6553 | D:5      | Bought a box of beasts for 240 gold pieces
  6592 | D:6      | Gained mutation: You tend to lose your temper in combat.
                  | [potion of mutation]
  6592 | D:6      | Gained mutation: Scrolls take you a little longer to read.
                  | [potion of mutation]
  6592 | D:6      | Gained mutation: Your mind is acute. (Int +2) [potion of
                  | mutation]
  6861 | D:8      | Got a fine war axe
  6862 | D:8      | Identified the +3 war axe of the Unkillable {chop, rF+ rN+
                  | Dex-3 SInv} (You found it on level 8 of the Dungeon)
  7064 | D:8      | Found a runed door.
  7064 | D:8      | Noticed Allula97's ghost (novice FeMo)
  7410 | D:9      | Found a staircase to the Orcish Mines.
  7539 | D:9      | Reached * piety under Vehumet
  7539 | D:9      | Offered knowledge of Magic Dart by Vehumet.
  7716 | D:9      | Noticed a troll
  7722 | D:9      | Killed a troll
  7722 | D:9      | Reached skill level 9 in Earth Magic
  7924 | D:9      | Reached XP level 10. HP: 56/56 MP: 15/20
  8306 | D:8      | Noticed Erica
  8319 | D:8      | Killed from afar by Erica

Skill      XL: |  1  2  3  4  5  6  7  8  9 |
---------------+----------------------------+-----
Earth Magic    | 4 5 6 8 9 |  9.0
Dodging        | 2 3 4 |  4.4
Throwing       | 1 |  1.6
Maces & Flails | 1 2 |  2.9
Spellcasting   | 3 5 7 |  7.0
Fighting       | 1 2 3 |  3.8
Long Blades    | 1 2 |  2.3
Conjurations   | 1 2 |  2.8
Axes           | 1 3 |  3.6
Stealth        | |  2.2
Transmutations | |  0.7

Action                   |  1- 3 |  4- 6 |  7- 9 | 10-12 || total
-------------------------+-------+-------+-------+-------++-------
Melee: Unarmed           |    16 |       |       |       ||    16
       Club              |    30 |    53 |       |       ||    83
       Flail             |       |    40 |       |       ||    40
       Falchion          |       |    12 |    23 |       ||    35
       Hand axe          |       |       |    23 |       ||    23
       Whip              |       |       |    70 |       ||    70
       War axe           |       |       |    50 |     1 ||    51
       Morningstar       |       |       |       |     8 ||     8
Throw: Stone             |    36 |    55 |    10 |       ||   101
       Throwing net      |       |     2 |     1 |       ||     3
       Tomahawk          |       |       |    66 |     4 ||    70
 Cast: Sandblast         |    26 |    41 |    90 |     2 ||   159
       Stone Arrow       |       |    11 |    20 |     2 ||    33
       Passwall          |       |       |     1 |       ||     1
Evoke: Wand              |       |       |     1 |       ||     1
  Use: Scroll            |     1 |     5 |     5 |       ||    11
       Potion            |       |     2 |     7 |       ||     9
 Stab: Sleeping          |     1 |     2 |     1 |       ||     4
  Eat: Chunk             |     1 |     5 |     5 |       ||    11
       Ration            |       |     2 |     2 |     1 ||     5
Armor: Robe              |    18 |    68 |    87 |     4 ||   177
Dodge: Dodged            |    38 |   102 |   128 |     1 ||   269
       Rpst.: Falchion   |       |     9 |     9 |       ||    18
